 Dungeon Crawl Stone Soup version 0.31.0-32-g396128a36d (webtiles) character file.

Game seed: 6016562905831061829

4401 Ijustatesigmund the Conjurer (level 10, -9/69 HPs)
             Began as an Octopode Conjurer on Mar 20, 2024.
             Was a Follower of Cheibriados.
             Mangled by an enormous slime creature (64 damage)
             ... on level 8 of the Dungeon.
             The game lasted 00:21:56 (11102 turns).

Ijustatesigmund the Conjurer (Octopode Conjurer)   Turns: 11102, Time: 00:21:56

Health: -9/69      AC:  5    Str: 10    XL:     10   Next: 35%
Magic:  18/19      EV: 12    Int: 32    God:    Cheibriados [*.....]
Gold:   56         SH: 10    Dex: 17    Spells: 14/21 levels left

rFire   + . .        c - +10 whip of the Jolly Persimmons {flame, rF+ Int+5}
rCold   . . .        p - +1 kite shield of Ru's Supremacy {Dex+3 SInv}
rNeg    . . .        (helmet restricted)
rPois   +            (no amulet)
rElec   .            v - +4 ring of protection
rCorr   .            E - ring of poison resistance
SInv    +            (no ring)
Will    .....        (no ring)
Stlth   ++++         (no ring)
HPRegen 0.31/turn    (no ring)
MPRegen 0.16/turn    (no ring)
                     (no ring)

%: no passive effects
@: very slow
A: almost no armour, amphibious, 8 rings, camouflage 1, gelatinous body 1,
(nimble swimmer 1), tentacles
a: Renounce Religion, Bend Time


You were on level 8 of the Dungeon.
You worshipped Cheibriados.
Cheibriados was aware of your devotion.
You visited 2 branches of the dungeon, and saw 9 of its levels.
You also visited: Sewer and Ossuary.

You collected 528 gold pieces.
You spent 472 gold pieces at shops.

Inventory:

Hand Weapons
 c - the +10 whip of the Jolly Persimmons (weapon) {flame, rF+ Int+5}
   (You found it on level 2 of the Dungeon)

   Int+5:     It affects your intelligence (+5).
   rF+:       It protects you from fire.
 f - a +3 flail
 F - the +6 hammer "Beetlebane" {flame, *Rage Fly rPois rN+++}
   (You found it on level 6 of the Dungeon)

   rPois:     It protects you from poison rN+++: It renders you almost immune to
   negative energy.
   Fly:       It grants you flight.
   *Rage:     It berserks you when you make melee attacks (+20% chance).
Missiles
 C - 3 throwing nets
Armour
 p - the +1 kite shield of Ru's Supremacy (worn) {Dex+3 SInv}
   (You acquired it on level 8 of the Dungeon)

   Dex+3:     It affects your dexterity (+3).
   SInv:      It lets you see invisible.
Jewellery
 v - a +4 ring of protection (left tentacle)
 E - a ring of poison resistance (right tentacle)
 H - a ring of wizardry
Wands
 k - a wand of digging (8)
 y - a wand of polymorph (15)
 B - a wand of flame (11)
 D - a wand of quicksilver (11)
 G - a wand of mindburst (9)
Scrolls
 d - a scroll of enchant weapon {unknown}
 g - 3 scrolls of teleportation
 i - 4 scrolls of enchant armour
 m - 2 scrolls of poison
 o - 6 scrolls of identify
 q - a scroll of blinking
 r - a scroll of butterflies {unknown}
 s - a scroll of torment {unknown}
 t - 3 scrolls of immolation
 u - 2 scrolls of fear
 w - 2 scrolls of silence {unknown}
Potions
 a - 2 potions of magic
 b - 5 potions of haste
 e - 5 potions of enlightenment
 h - a potion of invisibility
 j - 3 potions of brilliance
 l - a potion of heal wounds
 n - a potion of curing
 x - a potion of might
 z - 2 potions of mutation


   Skills:
 - Level 6.6 Fighting
 - Level 5.2 Maces & Flails
 - Level 3.5 Dodging
 - Level 3.8 Stealth
 + Level 2.7 Shields
 - Level 6.4 Spellcasting
 - Level 7.3 Conjurations
 - Level 5.4 Translocations
 - Level 2.6 Invocations
 - Level 1.3 Evocations


You had 14 spell levels left.
You knew the following spells:

 Your Spells              Type           Power      Damage    Failure   Level
a - Magic Dart            Conj           100%       1d8       1%          1
b - Searing Ray           Conj           100%       2d8       1%          2
c - Iskenderun's Mystic   Conj/Tloc      50%        2d11      16%         4

Your spell library contained the following spells:

 Spells                   Type           Power      Damage    Failure   Level
 Blink                    Tloc           88%        N/A       3%          2
 Lesser Beckoning         Tloc           88%        N/A       3%          2
 Gell's Gravitas          Tloc           44%        N/A       7%          3
 Teleport Other           Tloc           44%        N/A       7%          3
 Call Imp                 Summ           20%        N/A       30%         2
 Fulminant Prism          Conj/Alch      16%        3d10      41%         4
 Tukima's Dance           Hex            10%        N/A       52%         3
 Dimensional Bullseye     Hex/Tloc       13%        N/A       56%         4
 Summon Forest            Summ/Tloc      13%        N/A       88%         5
 Eringya's Noxious Bog    Alch           5%         4d6       100%        6
 Summon Hydra             Summ           5%         N/A       100%        7


Dungeon Overview and Level Annotations

Branches:
Dungeon (8/15)             Temple (1/1) D:7           Sewer (visited)
Ossuary (visited)
   Lair: D:8-11

Altars:
Ashenzari
Cheibriados
Dithmenos
Elyvilon
Fedhas
Gozag
Hepliaklqana
Kikubaaqudgha
Makhleb
Nemelex Xobeh
Okawaru
Qazlal
Ru
Sif Muna
Trog
Uskayaw
Vehumet
Wu Jian
Xom
Yredelemnul
Zin
The Shining One

Shops:
D:5 ?!*!


Innate Abilities, Weirdness & Mutations

You cannot wear most types of armour.
You are amphibious.
You can wear up to eight rings at the same time.
Your skin changes colour to match your surroundings (Stealth+).
Your rubbery body absorbs attacks. (AC +1, EV +1)
((You are camouflaged when in or above water. (Stealth+)))
You have tentacles for arms and can constrict up to eight enemies at once.


Message History

Press: ? - help, Shift-Dir - straight line, f/p - yak
Aim: a yak (lightly wounded, 100% to hit)
The magic dart hits the yak but does no damage.
The yak is lightly wounded.
The yak bellows!
The yak gores you but does no damage.
A slime creature comes into view.
You block the yak's attack.
You hit the yak. You burn the yak. You squeeze the yak.
The yak is moderately wounded.
You whack the yak! You burn the yak.
The yak is moderately wounded.
You whack the yak! You burn the yak. You squeeze the yak.
The yak is heavily wounded.
You block the yak's attack.
You closely miss the yak.
The yak is heavily wounded.
The yak gores you.
The slime creature quivers.
You hit the yak but do no damage.
The yak is heavily wounded.
The yak gores you!
You hit the yak but do no damage.
The yak is heavily wounded.
The yak closely misses you.
You whack the yak! You burn the yak.
You kill the yak!
Cheibriados appreciates the change of pace.
Two slime creatures merge to form a large slime creature.
Two slime creatures merge to form a very large slime creature.
Two slime creatures merge to form an enormous slime creature.
You whack the enormous slime creature! You burn the enormous slime creature.
You squeeze the enormous slime creature!
The enormous slime creature is lightly wounded.
The enormous slime creature barely misses you.
You whack the enormous slime creature! You burn the enormous slime creature.
The enormous slime creature is lightly wounded.
The enormous slime creature hits you!!!
Ouch! That really hurt!
You die...

####### ##### ##.....#
....# #......# ###.#
###.###......#####.....#
#......##.....@JY....#
#####..##.######......
#......##.# ..#.#
#......##.# #.#.#
#####.....#.### ###.#.#
#.............# ..... #
.<..........#.######o###J#
#.###.....###.##..F..†JJJ#
#.# #.....# #[##.####J####


You could see an enormous slime creature and a yak.

Vanquished Creatures
  Sigmund (D:6)
  2 vampires
  2 yaks (D:8)
  A steam dragon (D:7)
  Edmund (D:6)
  2 orc warriors
  2 black bears (D:6)
  3 ogres
  A sky beast (D:7)
  A centaur (D:7)
  3 kobold brigands
  A phantom (D:5)
  6 scorpions
  6 bullfrogs
  An electric eel (D:8)
  4 bullfrog zombies (Ossuary)
  3 jellies (D:7)
  A bombardier beetle (D:6)
  6 orc priests
  3 hounds
  Crazy Yiuf (D:6)
  7 mummies (Ossuary)
  7 orc wizards
  Natasha (twice) (D:2)
  3 iguanas
  A killer bee zombie (Ossuary)
  3 crocodile zombies (Ossuary)
  3 hound zombies (Ossuary)
  9 howler monkey zombies (Ossuary)
  11 adders
  4 gnolls (D:5)
  3 river rats (Sewer)
  2 shadow imps
  A ribbon worm (D:3)
  2 dart slugs
  28 orcs
  16 ball pythons
  5 endoplasms
  4 giant cockroaches
  4 goblins
  10 hobgoblins
  8 jackals
  4 quokkas
  4 ball python zombies (Ossuary)
  7 bats
  7 frilled lizards
  22 kobolds
  29 rats
257 creatures vanquished.

Notes
Turn   | Place    | Note
-------+----------+-------------------------------------------
     0 | D:1      | Ijustatesigmund the Octopode Conjurer began the quest for
                  | the Orb.
     0 | D:1      | Reached XP level 1. HP: 11/11 MP: 3/3
   138 | D:1      | Reached XP level 2. HP: 7/18 MP: 0/5
   141 | D:1      | Learned a level 2 spell: Searing Ray
   295 | D:1      | Found a faded altar of an unknown god.
   592 | D:1      | Reached skill level 1 in Fighting
  1046 | D:1      | Reached XP level 3. HP: 23/23 MP: 6/6
  1273 | D:2      | Identified the +10 whip of the Jolly Persimmons {flame, rF+
                  | Int+5}
  1768 | D:2      | Noticed Natasha
  1776 | D:2      | Killed Natasha
  1777 | D:2      | Reached XP level 4. HP: 29/29 MP: 0/8
  1781 | D:2      | Reached skill level 1 in Maces & Flails
  2168 | D:2      | Noticed Natasha
  2174 | D:2      | Killed Natasha
  2328 | D:3      | Learned a level 4 spell: Iskenderun's Mystic Blast
  2343 | D:3      | Reached XP level 5. HP: 34/34 MP: 9/9
  2487 | D:3      | Reached skill level 1 in Translocations
  3368 | D:4      | Reached XP level 6. HP: 41/41 MP: 10/10
  3770 | D:5      | Entered Level 5 of the Dungeon
  3792 | D:5      | Found a glowing drain.
  3808 | D:5      | Reached skill level 5 in Conjurations
  3812 | Sewer    | Entered a sewer
  4160 | Sewer    | Reached XP level 7. HP: 25/46 MP: 12/12
  4275 | D:5      | Found Dedghuora's Assorted Antiques.
  4275 | D:5      | Found Qan Otadorgh's Magic Scroll Boutique.
  4286 | D:5      | Found a sand-covered staircase.
  4293 | Ossuary  | Entered an ossuary
  4627 | Ossuary  | Reached XP level 8. HP: 42/54 MP: 9/14
  5193 | D:5      | Reached skill level 6 in Conjurations
  5265 | D:5      | Found Zughun's Distillery.
  5265 | D:5      | Found Yptodah's Distillery.
  5279 | D:5      | Bought a potion of heal wounds for 60 gold pieces
  5279 | D:5      | Bought a potion of might for 48 gold pieces
  5279 | D:5      | Bought a potion of mutation for 96 gold pieces
  5282 | D:5      | Bought a potion of heal wounds for 70 gold pieces
  5915 | D:5      | Found a shimmering blue altar of Sif Muna.
  6477 | D:6      | Noticed Sigmund
  6484 | D:6      | Killed Sigmund
  6485 | D:6      | Reached skill level 5 in Fighting
  6485 | D:6      | Reached skill level 5 in Spellcasting
  6485 | D:6      | Reached XP level 9. HP: 60/61 MP: 9/16
  7049 | D:6      | Found a runed translucent door.
  7050 | D:6      | Noticed Crazy Yiuf
  7055 | D:6      | Killed Crazy Yiuf
  7059 | D:6      | Identified the +6 hammer "Beetlebane" {flame, *Rage Fly
                  | rPois rN+++}
  7210 | D:6      | Reached skill level 5 in Maces & Flails
  7658 | D:6      | Reached skill level 7 in Conjurations
  7900 | D:6      | Reached skill level 5 in Translocations
  7944 | D:6      | Noticed Edmund
  7954 | D:6      | Killed Edmund
  8588 | D:7      | Found a staircase to the Ecumenical Temple.
  8600 | Temple   | Entered the Ecumenical Temple
  8611 | Temple   | Became a worshipper of Cheibriados the Contemplative
  8782 | D:7      | Reached skill level 1 in Invocations
  9029 | D:7      | Reached XP level 10. HP: 58/68 MP: 12/19
  9928 | D:5      | Bought a silver ring for 130 gold pieces
  9928 | D:5      | Bought a scroll labelled GONNEI QYAWIS for 26 gold pieces
  9941 | D:5      | Bought a scroll of teleportation for 42 gold pieces
 10541 | D:8      | Reached skill level 1 in Evocations
 10715 | D:8      | Reached * piety under Cheibriados
 10803 | D:8      | Identified a scroll of acquirement
 10803 | D:8      | Acquired the +1 kite shield of Ru's Supremacy {Dex+3 SInv}
 10934 | D:8      | Reached skill level 1 in Shields
 11102 | D:8      | Mangled by an enormous slime creature

Illustrated notes

Levels and vault maps discovered:
D:1:      wander_arrival_peaceful_grave, layout_basic,
          shapermc_ecumenical_altar_mp_ritualfount,
          nicolae_concentric_dashed_squares_wild, minmay_cupped
D:2:      layout_loops_cross, minmay_misc_feat_columns, minivault_4,
          uniq_natasha
D:3:      layout_basic
D:4:      layout_loops_ring
D:5:      cheibrodos_quashed, layout_loops_corners, kennysheep_orc_sif_temple,
          portal_sewer_entry_f, chequers_ossuary_entry_cave,
          minmay_shop_grid_forest, mumra_transporter_accident
D:6:      layout_rooms, uniq_edmund, uniq_sigmund, uniq_crazy_yiuf_cottage
D:7:      layout_rooms, minmay_temple_entry_crystal_x, serial_co_window_serial,
          co_window_of_opportunity_a, co_window_of_opportunity_a,
          co_window_corner_a, co_window_paths_b, co_window_of_opportunity_a,
          co_window_paths_a, co_window_paths_a, co_window_paths_b,
          co_window_corner_a, co_window_broadway_b, co_window_corner_b,
          co_window_2corner, co_window_4corner_a, glass_columns_a,
          glass_columns_a, glass_columns_b, glass_columns_b, glass_columns_b,
          st_stairs_2
D:8:      layout_basic, serial_bayou_pond_b, uniq_erica
Temple:   grunt_wide_crystal_templ

Skill      XL: |  1  2  3  4  5  6  7  8  9 10 |
---------------+-------------------------------+-----
Fighting       | 1 2 3 5 6 |  6.6
Maces & Flails | 1 2 3 4 5 |  5.2
Spellcasting   | 3 4 5 6 |  6.4
Translocations | 1 2 4 5 |  5.4
Conjurations   | 5 6 7 |  7.3
Dodging        | 3 |  3.5
Invocations    | 1 2 |  2.6
Stealth        | 3 |  3.8
Evocations     | 1 |  1.3
Shields        | 2 |  2.7

Action                     |  1- 3 |  4- 6 |  7- 9 | 10-12 || total
---------------------------+-------+-------+-------+-------++-------
  Melee: Short sword       |    28 |       |       |       ||    28
         Constrict         |     9 |    16 |    40 |    12 ||    77
         Tentacles         |     5 |     9 |    41 |    16 ||    71
         Unarmed           |     1 |       |       |       ||     1
         Whip              |    11 |    90 |   180 |    66 ||   347
         Punch             |       |       |     5 |     1 ||     6
   Cast: Magic Dart        |    42 |    50 |   121 |    15 ||   228
         Searing Ray       |     1 |       |    11 |       ||    12
         Iskenderun's Myst |       |       |     2 |     7 ||     9
  Evoke: Wand              |       |       |       |     5 ||     5
    Use: Scroll            |       |     5 |     6 |     6 ||    17
         Potion            |       |       |     3 |     6 ||     9
   Stab: Sleeping          |     4 |     6 |     4 |       ||    14
         Distracted        |     1 |       |       |     1 ||     2
 Armour: Skin              |    21 |    38 |   125 |    56 ||   240
  Dodge: Dodged            |    38 |    55 |    95 |    41 ||   229
  Block: Kite shield       |       |       |       |     5 ||     5
